TOP OF THE 1ST |
State College Spikes batting - Pitching for Rome Braves : RHP Marvin Rosas
|
Pitching: RHP Marvin Rosas
|
|
Batting: LHB Robert Rauda
|
0-0: Called Strike 0-1: Ball 1-1: Ground out 4-3 (Groundball, 4, EV 86.2 MPH)
|
Batting: SHB Hank Arias
|
0-0: DOUBLE (Groundball, 3L, EV 109.4 MPH)
|
Batting: RHB Mark Marks
|
0-0: Ball Hank Arias steals 3rd base 1-0: Ball 2-0: Called Strike 2-1: SINGLE (Line Drive, 7S, EV 103.8 MPH) Hank Arias scores
|
Batting: LHB Jayden Thomas
|
0-0: Called Strike 0-1: Called Strike Mark Marks steals 2nd base 0-2: Ball 1-2: Ball 2-2: Foul Ball, location: 2F 2-2: Strikes out swinging
|
Batting: RHB Immel Kamuzu
|
0-0: Ball 1-0: Called Strike 1-1: Fly out, F7 (Flyball, 7D, EV 111.2 MPH)
|
Top of the 1st over - 1 run, 2 hits, 0 errors, 1 left on base; State College 1 - Rome 0 |
BOTTOM OF THE 1ST |
Rome Braves batting - Pitching for State College Spikes : RHP Jim Vickers
|
Pitching: RHP Jim Vickers
|
|
Batting: LHB Tsutomu Miyahara
|
0-0: Fly out, F8 (Flyball, 8LD, EV 92.5 MPH)
|
Batting: RHB Alex Velasquez
|
0-0: Ball 1-0: Foul Ball, location: 2F 1-1: Ball 2-1: Swinging Strike 2-2: Ground out 5-3 (Groundball, 5, EV 81.2 MPH)
|
Batting: RHB Ike Trout
|
0-0: Called Strike 0-1: Ball 1-1: Fly out, F5 (Line Drive, 5, EV 68.1 MPH)
|
Bottom of the 1st over - 0 runs, 0 hits, 0 errors, 0 left on base; State College 1 - Rome 0 |
TOP OF THE 2ND |
State College Spikes batting - Pitching for Rome Braves : RHP Marvin Rosas
|
Batting: RHB John Gibbs
|
0-0: Called Strike 0-1: Ball 1-1: Reached via error on a dropped throw from 1B, E1 (Groundball, 34S, EV 83.1 MPH)
|
Batting: RHB Francisco de la Cruz
|
0-0: Ball 1-0: Called Strike John Gibbs steals 2nd base 1-1: Ground out 6-3 (Groundball, 6, EV 79.4 MPH)
|
Batting: RHB Ray Souza
|
0-0: Ball 1-0: Reached on error, E8 (Line Drive, 8LD, EV 88.1 MPH) John Gibbs scores
|
Batting: RHB Fekadu Alhaadi
|
0-0: Fly out, F9 (Flyball, 9, EV 85.6 MPH)
|
Batting: LHB Robert Rauda
|
0-0: Ground out 4-3 (Groundball, 4, EV 88.8 MPH)
|
Top of the 2nd over - 1 run, 0 hits, 2 errors, 1 left on base; State College 2 - Rome 0 |
BOTTOM OF THE 2ND |
Rome Braves batting - Pitching for State College Spikes : RHP Jim Vickers
|
Batting: LHB Javier Rubio
|
0-0: Foul Ball, location: 2F 0-1: Foul Ball, location: 2F 0-2: Strikes out looking
|
Batting: RHB Tim Molchan
|
0-0: Ball 1-0: Called Strike 1-1: Foul Ball, location: 2F 1-2: Strikes out swinging
|
Batting: LHB Joe Phillips
|
0-0: Ball 1-0: Swinging Strike 1-1: Ball 2-1: Ground out 6-3 (Groundball, 4MS, EV 86.2 MPH)
|
Bottom of the 2nd over - 0 runs, 0 hits, 0 errors, 0 left on base; State College 2 - Rome 0 |
TOP OF THE 3RD |
State College Spikes batting - Pitching for Rome Braves : RHP Marvin Rosas
|
Batting: SHB Hank Arias
|
0-0: Called Strike 0-1: Ball 1-1: Swinging Strike 1-2: Ball 2-2: Foul Ball, location: 2F 2-2: Strikes out swinging
|
Batting: RHB Mark Marks
|
0-0: Ball 1-0: Foul Ball, location: 2F 1-1: Ball 2-1: Ball 3-1: Base on Balls
|
Batting: LHB Jayden Thomas
|
0-0: Swinging Strike 0-1: Called Strike 0-2: Strikes out swinging
|
Batting: RHB Immel Kamuzu
|
0-0: Ball Mark Marks steals 2nd base 1-0: Ball 2-0: Called Strike 2-1: DOUBLE (Line Drive, 9LM, EV 106.9 MPH) Mark Marks scores
|
Batting: RHB John Gibbs
|
0-0: Foul Ball, location: 2F 0-1: Ball 1-1: 2-RUN HOME RUN (Line Drive, 7D, EV 95.0 MPH), Distance : 375 ft
|
Batting: RHB Francisco de la Cruz
|
0-0: Fly out, F4 (Popup, 4S, EV 68.1 MPH)
|
Top of the 3rd over - 3 runs, 2 hits, 0 errors, 0 left on base; State College 5 - Rome 0 |
BOTTOM OF THE 3RD |
Rome Braves batting - Pitching for State College Spikes : RHP Jim Vickers
|
Batting: RHB Peter Wheeler
|
0-0: Called Strike 0-1: DOUBLE (Flyball, 8RD, EV 97.5 MPH)
|
Batting: RHB David Zelaya
|
0-0: Called Strike 0-1: Ball 1-1: Foul Ball, location: 2F 1-2: Fly out, F9 (Flyball, 9LM, EV 85.6 MPH)
|
Batting: LHB Malik Boulay
|
0-0: Called Strike 0-1: Ball 1-1: Ball 2-1: Swinging Strike 2-2: Foul Ball, location: 2F 2-2: Foul Ball, location: 2F 2-2: Strikes out swinging
|
Batting: LHB Tsutomu Miyahara
|
0-0: Called Strike 0-1: Called Strike 0-2: Ball 1-2: Strikes out swinging
|
Bottom of the 3rd over - 0 runs, 1 hit, 0 errors, 1 left on base; State College 5 - Rome 0 |
TOP OF THE 4TH |
State College Spikes batting - Pitching for Rome Braves : RHP Marvin Rosas
|
Batting: RHB Ray Souza
|
0-0: Ball 1-0: Ball 2-0: Ball 3-0: Base on Balls
|
Batting: RHB Fekadu Alhaadi
|
0-0: Called Strike 0-1: Called Strike 0-2: Strikes out swinging
|
Batting: LHB Robert Rauda
|
0-0: Called Strike Ray Souza steals 2nd base 0-1: Ball 1-1: SINGLE (Groundball, 34D, EV 103.1 MPH) Ray Souza to third Runner from 3rd tries for Home, throw by RF and OUT! 9-2
|
Batting: SHB Hank Arias
|
0-0: Ball 1-0: Ball 2-0: Called Strike 2-1: Swinging Strike 2-2: Strikes out swinging
|
Top of the 4th over - 0 runs, 1 hit, 0 errors, 1 left on base; State College 5 - Rome 0 |
BOTTOM OF THE 4TH |
Rome Braves batting - Pitching for State College Spikes : RHP Jim Vickers
|
Batting: RHB Alex Velasquez
|
0-0: Called Strike 0-1: Ball 1-1: Ball 2-1: SINGLE (Line Drive, 8RS, EV 89.4 MPH)
|
Batting: RHB Ike Trout
|
0-0: Foul Ball, location: 2F 0-1: Ball 1-1: Ball 2-1: Foul Ball, location: 2F 2-2: Ball Wild Pitch! Alex Velasquez to second 3-2: SINGLE (Line Drive, 89S, EV 104.4 MPH) Alex Velasquez to third Runner from 3rd tries for Home, SAFE, throw by RF to home Ike Trout to second
|
Batting: LHB Javier Rubio
|
0-0: Ball 1-0: Ball 2-0: Called Strike 2-1: SINGLE (Line Drive, 89S, EV 107.5 MPH) Ike Trout to third Runner from 3rd tries for Home, SAFE, throw by RF to home
|
Batting: RHB Tim Molchan
|
0-0: Ball Javier Rubio is caught stealing 2nd base 2-4 1-0: Ground out U3 (Groundball, 3, EV 84.4 MPH)
|
Batting: LHB Joe Phillips
|
0-0: Foul Ball, location: 2F 0-1: Foul Ball, location: 2F 0-2: Ball 1-2: Foul Ball, location: 2F 1-2: Foul Ball, location: 2F 1-2: Foul Ball, location: 2F 1-2: DOUBLE (Flyball, 89D, EV 93.1 MPH)
|
Batting: RHB Peter Wheeler
|
0-0: Ball 1-0: Ball 2-0: Called Strike 2-1: Foul Ball, location: 2F 2-2: Strikes out swinging
|
Bottom of the 4th over - 2 runs, 4 hits, 0 errors, 1 left on base; State College 5 - Rome 2 |
TOP OF THE 5TH |
State College Spikes batting - Pitching for Rome Braves : RHP Marvin Rosas
|
Batting: RHB Mark Marks
|
0-0: SINGLE (Flyball, 8RS, EV 90.0 MPH)
|
Batting: LHB Jayden Thomas
|
0-0: Ball 1-0: Foul Ball, location: 2F 1-1: Ball 2-1: Ball Mark Marks steals 2nd base 3-1: Base on Balls
|
Batting: RHB Immel Kamuzu
|
0-0: Swinging Strike 0-1: Ground out 6-3 (Groundball, 6MS, EV 89.4 MPH) Mark Marks to third Jayden Thomas to second
|
Batting: RHB John Gibbs
|
0-0: Ball 1-0: Called Strike 1-1: Hit by Pitch
|
Batting: RHB Francisco de la Cruz
|
0-0: Swinging Strike 0-1: SINGLE (Groundball, 6D, EV 97.5 MPH) Mark Marks scores Jayden Thomas to third John Gibbs to second Runner from 3rd tries for Home, SAFE, throw by CF to home
|
Pitching: RHP Jose Medina
|
|
Now in LF: Jose Ramos
|
|
Now in CF: Tsutomu Miyahara
|
|
Batting: RHB Ray Souza
|
0-0: Ball 1-0: Called Strike 1-1: Fly out, F7 (Flyball, 78D, EV 90.0 MPH)
|
Batting: RHB Fekadu Alhaadi
|
0-0: Called Strike 0-1: Foul Ball, location: 2F 0-2: Ball 1-2: Ball 2-2: Ball 3-2: Base on Balls John Gibbs to third Francisco de la Cruz to second
|
Batting: LHB Robert Rauda
|
0-0: Called Strike 0-1: Ball 1-1: Called Strike 1-2: Foul Ball, location: 2F 1-2: Foul Ball, location: 2F 1-2: Foul Ball, location: 2F 1-2: Fly out, F7 (Flyball, 78XD, EV 98.8 MPH)
|
Top of the 5th over - 2 runs, 2 hits, 0 errors, 3 left on base; State College 7 - Rome 2 |
BOTTOM OF THE 5TH |
Rome Braves batting - Pitching for State College Spikes : RHP Jim Vickers
|
Batting: RHB David Zelaya
|
0-0: Called Strike 0-1: Ball 1-1: Foul Ball, location: 2F 1-2: Ground out 4-3 (Groundball, 4M, EV 80.0 MPH)
|
Batting: LHB Malik Boulay
|
0-0: Ball 1-0: Ball 2-0: Ball 3-0: Base on Balls
|
Batting: LHB Tsutomu Miyahara
|
0-0: Fly out, F8 (Line Drive, 8RD, EV 86.9 MPH)
|
Batting: RHB Alex Velasquez
|
0-0: Ball 1-0: Ball 2-0: Ball 3-0: Base on Balls Malik Boulay to second
|
Batting: RHB Ike Trout
|
0-0: Swinging Strike 0-1: Ball 1-1: Ball 2-1: Swinging Strike 2-2: Strikes out swinging
|
Bottom of the 5th over - 0 runs, 0 hits, 0 errors, 2 left on base; State College 7 - Rome 2 |
TOP OF THE 6TH |
State College Spikes batting - Pitching for Rome Braves : RHP Jose Medina
|
Batting: SHB Hank Arias
|
0-0: Foul Ball, location: 2F 0-1: Ball 1-1: Called Strike 1-2: Foul Ball, location: 2F 1-2: Strikes out swinging
|
Batting: RHB Mark Marks
|
0-0: Swinging Strike 0-1: Foul Ball, location: 2F 0-2: Foul Ball, location: 2F 0-2: Foul Ball, location: 2F 0-2: Ball 1-2: Ball 2-2: Strikes out swinging
|
Batting: LHB Jayden Thomas
|
0-0: Ball 1-0: Foul Ball, location: 2F 1-1: Ball 2-1: Foul Ball, location: 2F 2-2: Ball 3-2: Base on Balls
|
Batting: RHB Immel Kamuzu
|
0-0: Ball Jayden Thomas is caught stealing 2nd base 2-4
|
Top of the 6th over - 0 runs, 0 hits, 0 errors, 0 left on base; State College 7 - Rome 2 |
BOTTOM OF THE 6TH |
Rome Braves batting - Pitching for State College Spikes : RHP Jim Vickers
|
Pitching: RHP Bryan Vandenburgh
|
|
Batting: RHB Jose Ramos
|
0-0: Foul Ball, location: 2F 0-1: Foul Ball, location: 2F 0-2: Strikes out swinging
|
Batting: RHB Tim Molchan
|
0-0: Ball 1-0: TRIPLE (Flyball, 89XD, EV 103.1 MPH)
|
Batting: LHB Joe Phillips
|
0-0: TRIPLE (Flyball, 89XD, EV 111.9 MPH) Tim Molchan scores
|
Batting: RHB Peter Wheeler
|
0-0: Reached on error, E5 (Groundball, 56, EV 98.1 MPH) Joe Phillips scores
|
Batting: RHB David Zelaya
|
0-0: Ball Peter Wheeler steals 2nd base 1-0: Foul Ball, location: 2F 1-1: Ball 2-1: Ball 3-1: Foul Ball, location: 2F 3-2: Foul Ball, location: 2F 3-2: Foul Ball, location: 2F 3-2: Foul Ball, location: 2F 3-2: Strikes out swinging
|
Batting: LHB Malik Boulay
|
0-0: Ground out 3-1 (Groundball, 34S, EV 86.9 MPH)
|
Bottom of the 6th over - 2 runs, 2 hits, 1 error, 1 left on base; State College 7 - Rome 4 |
TOP OF THE 7TH |
State College Spikes batting - Pitching for Rome Braves : RHP Jose Medina
|
Pitching: RHP Bobby Feig
|
|
Batting: RHB Immel Kamuzu
|
0-0: Called Strike 0-1: Ball 1-1: Called Strike 1-2: Ball 2-2: Foul Ball, location: 2F 2-2: Foul Ball, location: 2F 2-2: Strikes out swinging
|
Batting: RHB John Gibbs
|
0-0: Ball 1-0: SINGLE (Groundball, 4MD, EV 101.2 MPH)
|
Batting: RHB Francisco de la Cruz
|
0-0: Swinging Strike 0-1: Swinging Strike 0-2: Fielders Choice at 2nd, 5-4 (Groundball, 56S, EV 86.2 MPH)
|
Batting: RHB Ray Souza
|
0-0: Foul Ball, location: 2F 0-1: Foul Ball, location: 2F 0-2: Ball 1-2: Ball 2-2: Ball 3-2: Strikes out swinging
|
Top of the 7th over - 0 runs, 1 hit, 0 errors, 1 left on base; State College 7 - Rome 4 |
BOTTOM OF THE 7TH |
Rome Braves batting - Pitching for State College Spikes : RHP Bryan Vandenburgh
|
Pitching: RHP Mike Pemble
|
|
Batting: LHB Tsutomu Miyahara
|
0-0: Swinging Strike 0-1: Foul Ball, location: 2F 0-2: Foul Ball, location: 2F 0-2: Strikes out swinging
|
Batting: RHB Alex Velasquez
|
0-0: Swinging Strike 0-1: Ball 1-1: Called Strike 1-2: Strikes out swinging
|
Batting: RHB Ike Trout
|
0-0: Swinging Strike 0-1: Ball 1-1: Ball 2-1: Swinging Strike 2-2: Ball 3-2: Foul Ball, location: 2F 3-2: Foul Ball, location: 2F 3-2: SINGLE (Line Drive, 34D, EV 95.0 MPH)
|
Batting: RHB Jose Ramos
|
0-0: Ball Ike Trout steals 2nd base 1-0: Swinging Strike 1-1: Foul Ball, location: 2F 1-2: Strikes out swinging
|
Bottom of the 7th over - 0 runs, 1 hit, 0 errors, 1 left on base; State College 7 - Rome 4 |
TOP OF THE 8TH |
State College Spikes batting - Pitching for Rome Braves : RHP Bobby Feig
|
Pitching: RHP Dan Spahn
|
|
Batting: RHB Fekadu Alhaadi
|
0-0: Swinging Strike 0-1: Swinging Strike 0-2: Strikes out swinging
|
Batting: LHB Robert Rauda
|
0-0: Foul Ball, location: 2F 0-1: Called Strike 0-2: Ball 1-2: Strikes out looking
|
Batting: SHB Hank Arias
|
0-0: Called Strike 0-1: Swinging Strike 0-2: Ball 1-2: Strikes out swinging
|
Top of the 8th over - 0 runs, 0 hits, 0 errors, 0 left on base; State College 7 - Rome 4 |
BOTTOM OF THE 8TH |
Rome Braves batting - Pitching for State College Spikes : RHP Mike Pemble
|
Batting: RHB Tim Molchan
|
0-0: Ball 1-0: Called Strike 1-1: Ball 2-1: Called Strike 2-2: Foul Ball, location: 2F 2-2: Ball 3-2: Foul Ball, location: 2F 3-2: Base on Balls
|
Batting: LHB Joe Phillips
|
0-0: Ball 1-0: SINGLE (Groundball, 4S, EV 63.8 MPH) (infield hit) Tim Molchan to second
|
Pinch Hitting: LHB Mike Tenorio
|
0-0: Fly out, F8 (Flyball, 8LS, EV 90.0 MPH)
|
Batting: RHB Brandon Burrell
|
0-0: Ball 1-0: Ball 2-0: Foul Ball, location: 2F 2-1: Fielders Choice at 2nd, 2-6 (Groundball, 2R, EV 65.0 MPH) Tim Molchan to third
|
Batting: LHB Malik Boulay
|
0-0: Ball Wild Pitch! Tim Molchan scores Brandon Burrell to second 1-0: Ball 2-0: Called Strike 2-1: Foul Ball, location: 2F 2-2: Strikes out swinging
|
Bottom of the 8th over - 1 run, 1 hit, 0 errors, 1 left on base; State College 7 - Rome 5 |
TOP OF THE 9TH |
State College Spikes batting - Pitching for Rome Braves : RHP Dan Spahn
|
Now at 1B: Mike Tenorio
|
|
Now at 3B: Ike Trout
|
|
Batting: RHB Mark Marks
|
0-0: Ball 1-0: Swinging Strike 1-1: Ball 2-1: Ball 3-1: Called Strike 3-2: Foul Ball, location: 2F 3-2: Foul Ball, location: 2F 3-2: Foul Ball, location: 2F 3-2: Foul Ball, location: 2F 3-2: Foul Ball, location: 2F 3-2: Base on Balls
|
Batting: LHB Jayden Thomas
|
0-0: Ball 1-0: Ball 2-0: Called Strike 2-1: Ball 3-1: Foul Ball, location: 2F 3-2: Base on Balls Mark Marks to second
|
Batting: RHB Immel Kamuzu
|
0-0: Grounds into double play, 6-4-3 (Groundball, 56, EV 81.9 MPH) Mark Marks to third
|
Batting: RHB John Gibbs
|
0-0: Ball 1-0: Ball 2-0: Called Strike 2-1: SINGLE (Groundball, 56D, EV 95.0 MPH) Mark Marks scores
|
Batting: RHB Francisco de la Cruz
|
0-0: Ball 1-0: Ball John Gibbs steals 2nd base 2-0: SINGLE (Groundball, 6MD, EV 105.6 MPH) John Gibbs to third Runner from 3rd tries for Home, SAFE, throw by CF to home
|
Batting: RHB Ray Souza
|
0-0: Swinging Strike 0-1: Ball 1-1: Ball 2-1: Foul Ball, location: 2F 2-2: Strikes out swinging
|
Top of the 9th over - 2 runs, 2 hits, 0 errors, 1 left on base; State College 9 - Rome 5 |
BOTTOM OF THE 9TH |
Rome Braves batting - Pitching for State College Spikes : RHP Mike Pemble
|
Pitching: RHP Pabiyan Vetlitsky
|
|
Batting: LHB Tsutomu Miyahara
|
0-0: Foul Ball, location: 2F 0-1: Foul Ball, location: 2F 0-2: Ball 1-2: Foul Ball, location: 2F 1-2: Foul Ball, location: 2F 1-2: Ground out U3 (Groundball, 3, EV 103.1 MPH)
|
Batting: RHB Alex Velasquez
|
0-0: Ball 1-0: Ball 2-0: Ground out 6-3 (Groundball, 6, EV 84.4 MPH)
|
Batting: RHB Ike Trout
|
0-0: Ball 1-0: Called Strike 1-1: Ground out 3-1 (Groundball, 34S, EV 88.1 MPH)
|
Bottom of the 9th over - 0 runs, 0 hits, 0 errors, 0 left on base; State College 9 - Rome 5 |
|